Cogmind - Beta 14 @@@ ROGUE MODE // 2025.03.13 @ 11:24:35 Player: potator Result: Destroyed by G-34 Mercenary with Small Laser Performance ------------- Evolutions (0) 0 Regions Visited (1) 200 Robots Destroyed (7) 35 Value Destroyed (183) 183 Prototype IDs (2) 40 Alien Tech Used (0) 0 Bonus (0) 0 TOTAL SCORE: 458 Bonus ------- None Cogmind --------- Core Integrity 0/250 Matter 45/300 Energy 248/250 System Corruption 2% Temperature Cool (19) Movement Treading (160) Location -10/Materials Parts ------- > --- POWER (1) -------- Ion Engine > --- PROPULSION (2) --- Improved Treads Improved Treads > --- UTILITY (2) ------ Small Storage Unit Weight Redist. System > --- WEAPON (2) ------- Heavy Assault Rifle Heavy Assault Rifle > --- INVENTORY (8) ---- Improved Heat Sink High-capacity Storage Unit ECM Suite Heavy Assault Rifle Heavy Assault Rifle Grenade Launcher Datajack Peak State ------------ > --- POWER ------------ Ion Engine > --- PROPULSION ------- Improved Treads Improved Treads > --- UTILITY ---------- Small Storage Unit Weight Redist. System > --- WEAPON ----------- Heavy Assault Rifle Heavy Assault Rifle > --- INVENTORY -------- Aluminum Leg Improved Heat Sink High-capacity Storage Unit ECM Suite Heavy Assault Rifle Heavy Assault Rifle Grenade Launcher Datajack [Rating: 13] Favorites ----------- Power Light Ion Engine Engine Light Ion Engine Propulsion Aluminum Leg Treads Improved Treads Leg Aluminum Leg Wheel Compact Wheel Utility Small Storage Unit Device Weight Redist. System Storage Small Storage Unit Weapon Assault Rifle Energy Gun EM Pulse Gun Energy Cannon Particle Cannon Ballistic Gun Assault Rifle Special Melee Weapon Datajack Build | -11 -10 ------- Run | Yrd Mat Slots Evolved . | . . Power . | . . Propulsion . | . . Utility . | . . Weapon . | . . Parts Attached 23 | 6 17 Power 3 | 1 2 Engine 3 | 1 2 Core . | . . Reactor . | . . Propulsion 8 | 2 6 Treads 2 | . 2 Leg 5 | 2 3 Wheel 1 | . 1 Hover . | . . Flight . | . . Utility 2 | 1 1 Device 1 | . 1 Storage 1 | 1 . Processor . | . . Hackware . | . . Protection . | . . Artifact . | . . Weapon 10 | 2 8 Energy Gun 2 | 1 1 Energy Cannon 1 | . 1 Ballistic Gun 6 | 1 5 Ballistic Cannon . | . . Launcher . | . . Special Weapon . | . . Impact Weapon . | . . Slashing Weapon . | . . Piercing Weapon . | . . Special Melee Weapon 1 | . 1 Unidentified Prototypes . | . . Parts Lost 5 | . 5 Power 1 | . 1 Propulsion 3 | . 3 Utility . | . . Weapon 1 | . 1 Highest Loss Streak 3 | . 3 To Critical Strikes . | . . Average Slot Usage (%) 69 | . 69 Engine 5 | . 5 Treads 2 | . 2 Leg 16 | . 16 Device 3 | . 3 Storage 14 | . 14 Energy Gun 2 | . 2 Energy Cannon 2 | . 2 Ballistic Gun 19 | . 19 Special Melee Weapon 1 | . 1 Peak Build Rating 13 | 6 13 Average Rating 5 | 4 6 On Entrance 3 | . 6 Naked Turns . | . . Heaviest Build 16 | 11 16 Greatest Support 52 | 20 52 Greatest Overweight (x) 4 | 1 4 Average Overweight (x) . | . . Largest Inventory Capacity 8 | 8 8 Average Capacity 7 | 7 8 Most Carried 8 | 2 8 Average Carried 5 | . 5 Final Capacity 8 | 8 8 Final Carried 7 | . 7 Class Distribution -------------------- 100% | Mutant Dominant Class ---------------- Mutant | -10/Materials Resources | -11 -10 ----------- Run | Yrd Mat Matter Collected 297 | . 297 Remotely . | . . Salvage Created 221 | . 221 Parts 17 | . 17 Haulers Intercepted . | . . Recyclers Shooed . | . . Parts Field Recycled . | . . Retrieved Matter . | . . Parts Self-Destructed . | . . Prevented . | . . Kills | -11 -10 ------- Run | Yrd Mat Combat Hostiles Destroyed 6 | . 6 Guns 4 | . 4 Cannons 2 | . 2 Classes Destroyed 3 | . 3 Worker 1 | . 1 Swarmer 2 | . 2 Grunt 4 | . 4 Best Kill Streak 5 | . 5 Combat Bots Only 2 | . 2 Max Kills in Single Turn 1 | . 1 Gunslinging . | . . Exploded . | . . Melee . | . . Uniques/NPCs Destroyed . | . . Combat | -11 -10 -------- Run | Yrd Mat Hostile Shots Fired 85 | . 85 Missed 20 | . 20 Damage Taken 824 | . 824 Core 253 | . 253 Absorbed by Shields . | . . Core Remaining (%) 100 | 100 . Volleys Fired 39 | . 39 Largest 2 | . 2 Hottest 68 | . 68 Shots Fired 61 | . 61 Gun 49 | . 49 Cannon 12 | . 12 Launcher . | . . Special . | . . Kinetic 49 | . 49 Thermal 12 | . 12 Explosive . | . . Electromagnetic . | . . Robot Hit Streak 9 | . 9 Robot Miss Streak 8 | . 8 Penetration Max . | . . Secondary Targets 1 | . 1 Max Gunslinging Chain 1 | . 1 Shots Hit Robots 38 | . 38 Core Hits 13 | . 13 Critical Kills . | . . Critical Parts Destroyed . | . . Critical Strikes . | . . Melee Attacks 1 | . 1 Impact . | . . Slashing . | . . Piercing . | . . Sneak Attacks . | . . Combat Hostiles . | . . Follow-up Attacks . | . . Damage Inflicted 642 | . 642 Guns 459 | . 459 Cannons 183 | . 183 Explosions . | . . Melee . | . . Ramming . | . . Kinetic 459 | . 459 Thermal 183 | . 183 Explosive . | . . Electromagnetic . | . . Impact . | . . Slashing . | . . Piercing . | . . Highest Corruption 2 | . 2 Average Corruption 2 | . 2 Corruption Purged . | . . Corruption Blocked . | . . Effects 4 | . 4 Message Errors 1 | . 1 Heat Flow Errors 1 | . 1 Data Loss (minor) 1 | . 1 Weapon Failures 1 | . 1 Overload Shots . | . . Overflow Damage 6 | . 6 Projectiles 6 | . 6 Explosions . | . . Melee . | . . Knockbacks . | . . Impact . | . . Kinetic . | . . Secondary . | . . Self-Inflicted Damage . | . . Shots . | . . Rammed . | . . Targets Rammed . | . . Kicked . | . . Crushed . | . . Highest Temperature 247 | . 247 Average Temperature 109 | . 109 Received Heat Transfer 426 | . 426 Effects 1 | . 1 Interference 1 | . 1 Siege Activations . | . . Robots Corrupted . | . . Combat Hostiles . | . . Parts Fried . | . . Impact Corruptions . | . . Robots Melted . | . . Combat Hostiles . | . . Parts Melted . | . . Heat Transferred 333 | . 333 Parts Sabotaged . | . . Parts Stolen . | . . Parts Stripped . | . . Power Chain Reactions . | . . Alert | -11 -10 ------- Run | Yrd Mat Peak Influence 134 | . 134 Initial . | . . Average 33 | . 36 Maximum Alert Level . | . . Low Security (%) 100 | 100 100 Level 1 . | . . Level 2 . | . . Level 3 . | . . Level 4 . | . . Level 5 . | . . High Security . | . . Max Security . | . . Squads Dispatched . | . . Investigation . | . . Extermination . | . . Reinforcement . | . . Assault . | . . Garrison . | . . Intercept . | . . Searches Triggered . | . . Construction Impeded . | . . Haulers Reinforced . | . . Active Scanning Responses . | . . Cargo Convoy Interrupts . | . . Stealth | -11 -10 --------- Run | Yrd Mat Distress Signals 3 | . 3 Communications Jammed . | . . Distress Signals . | . . Times Spotted 12 | . 12 Peak Tracking Total 5 | . 5 Tactical Retreats . | . . Traps | -11 -10 ------- Run | Yrd Mat Traps Triggered 6 | . 6 Indirectly . | . . Trap Hack Attempts . | . . Triggered . | . . Disarmed . | . . Reprogrammed . | . . Reused . | . . Traps Extracted . | . . Installed . | . . Triggered . | . . Machines | -11 -10 ---------- Run | Yrd Mat Machines Disabled . | . . Max in Single Turn . | . . Machines Repaired . | . . Machines Dismantled . | . . Machines Sabotaged . | . . Overloaded Fab Kills . | . . Hacking | -11 -10 --------- Run | Yrd Mat Machines Accessed 2 | . 2 Terminals 2 | . 2 Fabricators . | . . Repair Stations . | . . Recycling Units . | . . Scanalyzers . | . . Garrison Access . | . . Total Hacks 9 | . 9 Successful 6 | . 6 Failed 3 | . 3 Catastrophic . | . . Database Lockouts . | . . Manual . | . . Terminals 9 | . 9 Fabricators . | . . Repair Stations . | . . Recycling Units . | . . Scanalyzers . | . . Garrison Access . | . . Terminal Hacks 6 | . 6 Prototype ID Bank 1 | . 1 Locate Traps 1 | . 1 Transport Status 1 | . 1 Hauler Manifests 1 | . 1 Zone Layout 2 | . 2 Fabricator Hacks . | . . Repair Station Hacks . | . . Recycling Unit Hacks . | . . Scanalyzer . | . . Garrison Access Hacks . | . . Unauthorized Hacks . | . . Terminals . | . . Fabricators . | . . Repair Stations . | . . Recycling Units . | . . Scanalyzers . | . . Garrison Access . | . . Data Cores Recovered . | . . Used . | . . Hacking Detections 1 | . 1 Full Trace Events . | . . Feedback Events . | . . Feedback Blocked . | . . Robot Schematics Acquired . | . . Robots Built . | . . Authchips . | . . Time . | . . Total Robot Build Rating . | . . Part Schematics Acquired . | . . Parts Built . | . . Authchips . | . . Time . | . . Total Part Build Rating . | . . Parts Repaired . | . . Time . | . . Parts Recycled . | . . Recycled Matter . | . . Retrieved Matter . | . . Retrieved Components . | . . Parts Scanalyzed . | . . Part Schematics Acquired . | . . Parts Damaged . | . . Bothacking | -11 -10 ------------ Run | Yrd Mat Used RIF Installer . | . . Robots Hacked 1 | . 1 Non-combat . | . . Combat 1 | . 1 Robot Hacks Applied 1 | . 1 parse_system 1 | . 1 Relay Couplers Released . | . . Fabnet Peak Effective % . | . . Robots Rewired . | . . Allies Hacked . | . . Hacks Repelled . | . . Allies | -11 -10 -------- Run | Yrd Mat Total Allies . | . . Largest Group . | . . Highest-Rated Group . | . . Highest-Rated Ally . | . . Total Orders . | . . Ally Attacks . | . . Total Damage . | . . Kills . | . . Allies Corrupted . | . . Allies Melted . | . . Intel | -11 -10 ------- Run | Yrd Mat Robot Analysis Total . | . . Derelict Logs Recovered . | . . Drone Launches . | . . Drone Recoveries . | . . Exploration | -11 -10 ------------- Run | Yrd Mat Turns Passed 521 | 42 479 Spaces Moved 292 | 28 264 Core 32 | 6 26 Treads 22 | . 22 Legs 234 | 22 212 Wheels 4 | . 4 Hover . | . . Flight . | . . Fastest Speed 50 | 50 100 Average Speed 124 | 110 126 Slowest Speed 250 | 120 250 Overloaded Moves . | . . Propulsion Burnouts . | . . Robots Hopped . | . . Cave-ins Triggered . | . . Exploration Rate (%) 23 | 4 42 Regions Visited 1 Branch Regions . Pre-discovered Areas . | . . Known Exits Taken . | . . Unknown Exits Taken 1 | 1 . Scrap Searched . | . . Spaces Dug . | . . Terrain Destroyed . | . . Melee . | . . Projectile . | . . AOE . | . . Terrain Rammed . | . . Walls Destroyed . | . . Machines Disabled . | . . Actions | -11 -10 --------- Run | Yrd Mat Total 389 | 39 350 Wait 2 | . 2 Move 291 | 27 264 Hop . | . . Pick Up 28 | 6 22 Fast Attach 1 | . 1 Attach 17 | 6 11 Detach . | . . Swap 5 | . 5 Drop 5 | . 5 Fire 39 | . 39 Melee 1 | . 1 Ram . | . . Kick . | . . Crush . | . . Escape Stasis . | . . Rewire . | . . Trap . | . . Miscellaneous . | . . Route ------- -11/Scrapyard -10/Materials (discovered 1 exit: [*Mat]) History --------- Turn | Location | Event 8 | -11/Scrapyard | Discovered new exit (range 15) 43 | -11/Scrapyard | Entered Materials 141 | -10/Materials | Discovered new exit (range 15) 302 | -10/Materials | Build established: Mutant 357 | -10/Materials | Core integrity fell below 50% 376 | -10/Materials | Core integrity fell below 20% 419 | -10/Materials | Lost 3 parts (1p1n1w) 522 | -10/Materials | Destroyed by G-34 Mercenary with Small Laser Last Messages --------------- Acquired Ion Engine. Acquired 35 matter. Acquired Aluminum Leg. System corrupted: Heat flow error (+116). Acquired 16 matter. Acquired Lgt. Assault Rifle. Acquired Hvy. EM Pulse Gun. Acquired Hvy. Assault Rifle. Dropped Lgt. Assault Rifle. Dropped Particle Cannon. Dropped Hvy. EM Pulse Gun. Acquired Hvy. Assault Rifle. Acquired Imp. Treads. Dropped Aluminum Leg. R-06 Scavenger collects Assault Rifle. Acquired 20 matter. R-06 Scavenger collects Flight Unit. R-06 Scavenger collects Lgt. Assault Rifle. R-06 Scavenger collects Lgt. Ion Engine. K-01 Serf cleans the Electrolysis Chamber. Map ----- +----------------------------------------------------+ | ???????????????????????????????????????????? | | ???????????????????????????????????????????? | | ???????????????????????????????????????????? | | ???????????????????????????????????????????? | | ???????????????????????????????????????????? | | ??????###??????????????????????????????????? | | ????? ??????????## ????????????????????? | | ???? ??????????? ??????????????????? | | ????? ??????????? ???????????????????? | | ????? ?########## ???????????????????? | | ######/### #???????????????????? | | #???????????????????? | | #???????????????????? | | T #???????????????????? | | ?# #???????????????????? | | ?# #???????????????????? | | ?#!! """ """ """ #???????????????????? | | ?#! """ """ """ #???????????????????? | | ?#! """ """k """ #????????????######## | | ?# #????????????#= [[[ # | | # #????????????#== [] # | | # %""" """ """ #????????????# [ # | | # """ """ """ #????????????## ## | | # """ """ """ ############### #? | | # g gr #? | | # m r @ * #? | | #^ ###########/####+####### #? | | #^ #????# # #?## ##? | | ##^ #????# #[ ! #??# #?? | | ##^ #????#""" | + #??# #?? | | #????#""" !# #??# #?? | | ^ #????#""" # """ #??# #?? | | ## #????# # """"" #??# #?? | | ### #########????########/ """"" #??# #?? | | # # #????????????# """"" #??# #?? | | # # """ #????????????# """ #??# #?? | | + + """ #????????????##########??# #?? | | # # """ #????????????????????????####?? | | # < # #?????????????????????????????? | | # # #?????????????????????????????? | | ##############?????????????????????????????? | | ???????????????????????????????????????????? | | ???????????????????????????????????????????? | | ???????????????????????????????????????????? | | ???????????????????????????????????????????? | | | | | | | | | | | +----------------------------------------------------+ Best States ------------- Heat Dissipation 25 Energy Generation 10 Energy Capacity 250 Matter Stores 119 Matter Capacity 300 Sight Range 16 Terrain Scan Density 10 Additional Mass Support 6 Evasion (%) 55 Recoil Reduction 2 Item Schematics ----------------- None Robot Schematics ------------------ None Fabricated ------------ Nothing Alien Tech Used ----------------- None Achievements -------------- Oops Challenges ------------ None Game ------ Seed GhostMissileFocus Manual? 0 Play Time 00:09:35 Cumulative 3.1 hours Start 2025.03.13 @ 11:15:43 End 2025.03.13 @ 11:24:35 Sessions 1 Manual Loads 0 Difficulty Rogue Special Mode None Game No. 9 Rogue 9 Adventurer 0 Explorer 0 Win Type - Total 0 Types 0/0/0/0/0/0/0/0/0 Lore% 4 Gallery% 6 Achievement% 8 Wizard Run 0 Options --------- Layout 1 ASCII 0 Keyboard 0 Movement Mouse Keybinds 0 Fullscreen 2 Font 24/Smallcaps Map View 50x35 Zoom Use 0% Tactical HUD 0 Map Filters NONE Filters NONE Steam 1 RUN: e82bfb01-f8aa-4cbd-ae88-6f85bc88e3ce